 Dungeon Crawl Stone Soup version 0.21.1-1-g345015f (webtiles) character file.

150 empire the Ducker (level 5, 0/38 HPs)
             Began as a Gnoll Gladiator on Apr 6, 2018.
             Succumbed to an orc wizard's poison
             ... on level 4 of the Dungeon.
             The game lasted 00:05:24 (1541 turns).

empire the Ducker (Gnoll Gladiator)                 Turns: 1541, Time: 00:05:25

Health: 0/38       AC:  6    Str: 18    XL:     5   Next: 32%
Magic:  6/6        EV: 17    Int: 10    God:
Gold:   17         SH:  0    Dex: 16    Spells: 6/6 levels left

rFire    . . .     SeeInvis .   a - +1 war axe
rCold    + . .     Gourm    .   (no shield)
rNeg     . . .     Faith    .   g - +0 ring mail
rPois    .         Spirit   .   c - +0 helmet
rElec    .         Reflect  .   (no cloak)
rCorr    .         Harm     .   (no gloves)
MR       .....                  (no boots)
Stlth    ..........             (no amulet)
HPRegen  0.12/turn              n - ring of loudness (curse)
MPRegen  0.10/turn              (no ring)

@: lethally poisoned (0 -> -31)
A: distributed training, fangs 1, repulsion field 1, cold resistance 1, frail 1,
low mp 1, strong nose
a: no special abilities


You were on level 4 of the Dungeon.
You were not hungry.

You visited 1 branch of the dungeon, and saw 4 of its levels.

You collected 82 gold pieces.
You spent 65 gold pieces at shops.

Inventory:

Hand Weapons
 a - a +1 war axe (weapon)
 b - a +0 morningstar
Missiles
 d - 2 throwing nets (quivered)
 e - 16 bolts
 h - 106 arrows
 j - 26 poisoned needles
 p - 5 needles of paralysis
Armour
 c - a +0 helmet (worn)
 g - a +0 ring mail (worn)
Jewellery
 n - a cursed ring of loudness (left hand)
Scrolls
 i - a scroll of remove curse
 q - a scroll of amnesia
Comestibles
 f - 6 rations
 l - a chunk of flesh


   Skills:
 + Level 4.7 Fighting
 + Level 1.4 Short Blades
 + Level 1.4 Long Blades
 + Level 6.7 Axes
 + Level 1.4 Maces & Flails
 + Level 1.4 Polearms
 + Level 1.4 Staves
 + Level 1.4 Slings
 + Level 1.4 Bows
 + Level 1.4 Crossbows
 + Level 4.7 Throwing
 + Level 1.4 Armour
 + Level 6.7 Dodging
 + Level 1.4 Stealth
 + Level 1.4 Shields
 + Level 1.4 Unarmed Combat
 + Level 1.4 Spellcasting
 + Level 1.1 Conjurations
 + Level 1.1 Hexes
 + Level 1.1 Charms
 + Level 1.1 Summonings
 + Level 1.1 Necromancy
 + Level 1.1 Translocations
 + Level 1.1 Transmutations
 + Level 1.1 Fire Magic
 + Level 1.1 Ice Magic
 + Level 1.1 Air Magic
 + Level 1.1 Earth Magic
 + Level 1.1 Poison Magic
 + Level 1.6 Invocations
 + Level 1.4 Evocations


You had 6 spell levels left.
You didn't know any spells.

Dungeon Overview and Level Annotations

Branches:
Dungeon (4/15)
 Temple: D:4-7

Altars:

Shops:
D:4 ?

Annotations:
D:2 Sigmund
D:3 Totori's ghost, amateur HOFE


Innate Abilities, Weirdness & Mutations

Your experience applies equally to all skills.
You have very sharp teeth.
Your uncanny sense of smell can sniff out nearby items.
You are surrounded by a mild repulsion field. (EV +2)
Your flesh is cold resistant. (rC+)
You are frail. (-10% HP)
Your magical capacity is low. (-10% MP)


Message History

a dagger; a robe; 4 chunks of flesh Autopickup is now on.
There is a lethal amount of poison in your body!
* * * LOW HITPOINT WARNING * * *
You feel sick. Something hits you but does no damage.
You are more poisoned.
Deactivating autopickup; reactivate with Ctrl-A.
Okay, then.
You aren't carrying any potions.
* * * LOW HITPOINT WARNING * * *
You feel very sick. Something hits you but does no damage.
You are more poisoned.
There is a lethal amount of poison in your body!
There is a lethal amount of poison in your body!
There is a lethal amount of poison in your body!
There is a lethal amount of poison in your body!
* * * LOW HITPOINT WARNING * * *
You feel sick.
You die...

... ... #####.# ###### ...#.#
#..... #..#.### #.#### #......#
#.# ###..#.#.# #.# #######
#){..#.#.# #.# ......# #.@....#.#
#.#### ......# ##.....#.# #.#...
......# #.#.....#####.#.##
......# #.#.#...†(....#.##
......# #.#....########..#
......# #.#..........8.8.8
......# #.#...........⌠.⌠.
......# #.###########8.∩.8
......##########.............⌠.⌠.


There were no monsters in sight!

Vanquished Creatures
  An iguana (D:4)
  2 orc wizards
  2 adders
  An ooze (D:4)
  A leopard gecko (D:3)
  5 orcs
  4 bats
  8 giant cockroaches
  3 goblins
  6 hobgoblins
  3 jackals (D:4)
  A quokka (D:2)
  A frilled lizard (D:1)
  2 kobolds (D:3)
  4 rats
44 creatures vanquished.

Notes
Turn   | Place    | Note
-------+----------+-------------------------------------------
     0 | D:1      | empire the Gnoll Gladiator began the quest for the Orb.
     0 | D:1      | Reached XP level 1. HP: 20/20 MP: 1/1
   165 | D:1      | Reached XP level 2. HP: 26/26 MP: 2/2
   768 | D:2      | Reached XP level 3. HP: 30/31 MP: 3/3
   828 | D:2      | Noticed Sigmund
  1028 | D:3      | Reached skill level 1 in Invocations
  1055 | D:3      | Reached skill level 1 in Short Blades
  1055 | D:3      | Reached skill level 1 in Long Blades
  1055 | D:3      | Reached skill level 1 in Maces & Flails
  1055 | D:3      | Reached skill level 1 in Polearms
  1055 | D:3      | Reached skill level 1 in Staves
  1055 | D:3      | Reached skill level 1 in Slings
  1055 | D:3      | Reached skill level 1 in Bows
  1055 | D:3      | Reached skill level 1 in Crossbows
  1055 | D:3      | Reached skill level 1 in Armour
  1055 | D:3      | Reached skill level 1 in Stealth
  1055 | D:3      | Reached skill level 1 in Shields
  1055 | D:3      | Reached skill level 1 in Unarmed Combat
  1055 | D:3      | Reached skill level 1 in Spellcasting
  1055 | D:3      | Reached skill level 1 in Evocations
  1055 | D:3      | Reached XP level 4. HP: 19/38 MP: 5/5
  1057 | D:3      | Noticed Totori's ghost (amateur HOFE)
  1425 | D:4      | Found Ynibey's Magic Scroll Emporium.
  1445 | D:4      | Reached skill level 1 in Conjurations
  1445 | D:4      | Reached skill level 1 in Hexes
  1445 | D:4      | Reached skill level 1 in Charms
  1445 | D:4      | Reached skill level 1 in Summonings
  1445 | D:4      | Reached skill level 1 in Necromancy
  1445 | D:4      | Reached skill level 1 in Translocations
  1445 | D:4      | Reached skill level 1 in Transmutations
  1445 | D:4      | Reached skill level 1 in Fire Magic
  1445 | D:4      | Reached skill level 1 in Ice Magic
  1445 | D:4      | Reached skill level 1 in Air Magic
  1445 | D:4      | Reached skill level 1 in Earth Magic
  1445 | D:4      | Reached skill level 1 in Poison Magic
  1446 | D:4      | Bought a scroll of fear for 35 gold pieces
  1446 | D:4      | Bought a scroll of remove curse for 30 gold pieces
  1468 | D:4      | Reached XP level 5. HP: 33/43 MP: 6/6
  1515 | D:4      | Gained mutation: You are frail. (-10% HP) [potion of mutation]
  1515 | D:4      | Gained mutation: Your flesh is cold resistant. (rC+) [potion of mutation]
  1515 | D:4      | Gained mutation: Your magical capacity is low. (-10% MP) [potion of mutation]
  1515 | D:4      | Gained mutation: You are surrounded by a mild repulsion field. (EV +2) [potion of mutation]
  1541 | D:4      | Succumbed to an orc wizard's poison

Skill      XL: |  1  2  3  4 |
---------------+-------------+-----
Invocations    | 1 |  1.6
Short Blades   | 1 |  1.4
Long Blades    | 1 |  1.4
Maces & Flails | 1 |  1.4
Polearms       | 1 |  1.4
Staves         | 1 |  1.4
Slings         | 1 |  1.4
Bows           | 1 |  1.4
Crossbows      | 1 |  1.4
Armour         | 1 |  1.4
Stealth        | 1 |  1.4
Shields        | 1 |  1.4
Unarmed Combat | 1 |  1.4
Spellcasting   | 1 |  1.4
Evocations     | 1 |  1.4
Conjurations   | 1 |  1.1
Hexes          | 1 |  1.1
Charms         | 1 |  1.1
Summonings     | 1 |  1.1
Necromancy     | 1 |  1.1
Translocations | 1 |  1.1
Transmutations | 1 |  1.1
Fire Magic     | 1 |  1.1
Ice Magic      | 1 |  1.1
Air Magic      | 1 |  1.1
Earth Magic    | 1 |  1.1
Poison Magic   | 1 |  1.1
Fighting       | |  4.7
Axes           | |  6.7
Throwing       | |  4.7
Dodging        | |  6.7

Action                   |  1- 3 |  4- 6 || total
-------------------------+-------+-------++-------
Melee: War axe           |    72 |    49 ||   121
       Bite              |     8 |     6 ||    14
       Punch             |       |     1 ||     1
Throw: Throwing net      |     1 |       ||     1
  Use: Scroll            |     2 |     3 ||     5
       Potion            |     1 |     6 ||     7
  Eat: Ration            |       |     1 ||     1
Armor: Ring mail         |    30 |    22 ||    52
Dodge: Dodged            |    71 |    56 ||   127
